 Seeded DCSS version 0.28.0-1-gb440e238dd (webtiles) character file.

Game seed: 10844669733645250963 (custom seed)

0 hikkokomori the Shield-Bearer (level 1, 0/18 HPs)
             Began as a Formicid Fighter on Feb 25, 2022.
             Killed from afar by an orc wizard (8 damage)
             ... with a magic dart
             ... on level 7 of the Dungeon.
             The game lasted 00:01:03 (47 turns).

hikkokomori the Shield-Bearer (Formicid Fighter)      Turns: 47, Time: 00:01:03

Health: 0/18       AC:  6    Str: 20    XL:     1   Next: 11%
Magic:  1/1        EV:  9    Int:  7    God:
Gold:   0          SH:  0    Dex: 10    Spells: 0/0 levels left

rFire   . . .      SeeInvis +   a - +0 war axe
rCold   . . .      Faith    .   c - +0 buckler
rNeg    . . .      Spirit   .   b - +0 scale mail
rPois   .          Reflect  .   (helmet unavailable)
rElec   .          Harm     .   (no cloak)
rCorr   .          Rampage  .   (no gloves)
Will    .....                   (no boots)
Stlth   ..........              (no amulet)
HPRegen 0.06/turn               (no ring)
MPRegen 0.07/turn               (no ring)

@: confused, mighty
A: permanent stasis, dig shafts and tunnels, antennae 3, four strong arms
a: Dig, Shaft Self


You were on level 7 of the Dungeon.
You visited 1 branch of the dungeon, and saw 4 of its levels.

Inventory:

Hand Weapons
 a - a +0 war axe (weapon)
 f - the +9 heavy crossbow "Sniper" {vorpal, Acc+∞ SInv}
   (You found it on level 2 of the Dungeon)

   Any ammunition fired from it inflicts extra damage upon your enemies.
   Any ammunition fired from it never misses its target.
   SInv:      It lets you see invisible.
Armour
 b - a +0 scale mail (worn)
 c - a +0 buckler (worn)
Scrolls
 e - 5 scrolls of identify {unknown}


   Skills:
 + Level 3.3 Fighting
 + Level 2.0 Axes
 + Level 3.3 Armour
 - Level 3.6 Shields


You couldn't memorise any spells.
You didn't know any spells.
Your spell library was empty.

Dungeon Overview and Level Annotations

Branches:
Dungeon (1/15)

Altars:

Annotations:
D:7 Maggie


Innate Abilities, Weirdness & Mutations

You cannot be hasted, slowed, berserked, paralysed or teleported.
You can dig through walls and to a lower floor.
You have a pair of large antennae on your head. (SInv)
Your four strong arms can wield two-handed weapons with a shield.


Message History

You begin to dig a shaft.
You continue digging a shaft.
A shaft appears beneath you!
You fall into a shaft and drop 3 floors!
The shaft crumbles and collapses.
The orc wizard shouts!
The orc priest shouts!
You hear a shout!
Found 2 white potions and a curved iron wand.
The orc wizard casts a spell at you. You resist with significant effort.
The orc wizard gestures at you while chanting.
The puff of flame hits you.
The orc wizard gestures at you while chanting.
You are confused.
The orc priest miscasts a cantrip.
Okay, then.
You bump into the rock wall.
The orc wizard gestures at you while chanting.
You are more confused.
You bump into the rock wall.
The orc wizard gestures at you while chanting.
You are more confused.
The orc wizard gestures at you while chanting.
You are more confused.
You bump into the rock wall.
The orc wizard points at you and mumbles some strange words.
The magic dart hits you!
An orc wizard comes into view. It is wielding a +0 dagger.
Okay, then.
Okay, then.
The orc wizard shouts!
The orc wizard points at you and mumbles some strange words.
You resist with significant effort.
You feel very mighty all of a sudden.
You closely miss the orc wizard.
The orc wizard hits you with a +0 dagger.
Maggie the Vainglorious comes into view.
She is wielding a +2 halberd of flaming and carrying a wand of flame (24).
You're too confused to move!
Maggie shouts!
The orc wizard points at you and mumbles some strange words.
The magic dart hits you!
You die...

#########
.......
..... ...
### #.# #@#
#o# #o# #o#
#.# ##o#
#.o# #
#@####
###.#.#....#


You could see Maggie, an orc priest, 2 orc wizards and 2 orcs.

Vanquished Creatures
  A ball python (D:2)
1 creature vanquished.

Notes
Turn   | Place    | Note
-------+----------+-------------------------------------------
     0 | D:1      | hikkokomori the Formicid Fighter began the quest for the
                  | Orb.
     0 | D:1      | Reached XP level 1. HP: 18/18 MP: 1/1
     8 | D:1      | You fall into a shaft and drop 1 floor!
     8 | D:2      | Found the +9 heavy crossbow "Sniper" {vorpal, Acc+∞ SInv}
    17 | D:2      | You fall into a shaft and drop 2 floors!
    25 | D:4      | You fall into a shaft and drop 3 floors!
    25 | D:7      | Noticed an orc wizard
    25 | D:7      | Noticed an orc priest
    42 | D:7      | Noticed an orc wizard
    46 | D:7      | Noticed Maggie
    47 | D:7      | Killed from afar by an orc wizard

Illustrated notes

Levels and vault maps discovered:
D:1:      dpeg_arrival_arbitrary_c, layout_basic,
          dreamdust_ecumenical_altar_grove
D:2:      layout_basic, uniq_robin
D:4:      nicolae_cairo_tiling_large, layout_loops_corners
D:7:      layout_loops_ring, minmay_temple_entry_butterflies,
          serial_co_window_serial, co_window_paths_a, co_window_paths_a,
          co_window_corner_a, co_window_paths_a, co_window_cross_1,
          co_window_corner_a, co_window_corner_b, co_window_broadway_c,
          co_window_broadway_a, co_window_broadway_a,
          co_window_of_opportunity_b, co_window_corner_b, co_window_paths_d,
          glass_columns_a, glass_columns_c, glass_columns_b, glass_columns_a,
          minmay_misc_feat_square, kennysheep_nondescript, uniq_maggie

Action                   || total
-------------------------++-------
Melee: War axe           ||     2
 Abil: Shaft Self        ||     3
  Use: Potion            ||     1
